 Dungeon Crawl Stone Soup version 0.27-a0-668-gb5737ff2c0 (webtiles) character file.

Game seed: 13382596139445370552

13 rageheart7 the Vexing (level 2, -4/29 HPs)
             Began as an Ogre Arcane Marksman on Mar 17, 2021.
             Slain by a quokka (5 damage)
             ... on level 1 of the Dungeon.
             The game lasted 00:01:12 (372 turns).

rageheart7 the Vexing (Ogre Arcane Marksman)         Turns: 372, Time: 00:01:12

Health: -4/29      AC:  3    Str: 13    XL:     2   Next: 37%
Magic:  4/4        EV:  9    Int: 14    God:
Gold:   12         SH:  0    Dex:  9    Spells: 2/3 levels left

rFire    . . .     SeeInvis .   (no weapon)
rCold    . . .     Faith    .   (no shield)
rNeg     . . .     Spirit   .   a - +0 robe
rPois    .         Reflect  .   (helmet restricted)
rElec    .         Harm     .   (no cloak)
rCorr    .         Rampage  .   (gloves unavailable)
Will     .....                  (boots unavailable)
Stlth    +.........             (no amulet)
HPRegen  0.09/turn              (no ring)
MPRegen  0.09/turn              (no ring)

@: no status effects
A: large, unfitting armour, tough skin 1
a: no special abilities


You were on level 1 of the Dungeon.
You visited 1 branch of the dungeon, and saw 1 of its levels.

You collected 12 gold pieces.

Inventory:

Missiles
 d - a throwing net (quivered)
Armour
 a - a +0 robe (worn)
Potions
 b - a potion of cancellation {unknown}


   Skills:
 * Level 2.5 Fighting
 + Level 2.3 Throwing
 - Level 1.7 Dodging
 + Level 1.3 Spellcasting
 - Level 2.6 Hexes


You had 2 spell levels left.
You knew the following spells:

 Your Spells              Type           Power      Damage    Failure   Level
a - Corona                Hex            8%         N/A       9%          1

Your spell library contained the following spells:

 Spells                   Type           Power      Damage    Failure   Level
 Slow                     Hex            8%         N/A       13%         2
 Confusing Touch          Hex            8%         N/A       26%         3
 Inner Flame              Hex/Fire       4%         N/A       41%         3
 Portal Projectile        Hex/Tloc       8%         N/A       41%         3
 Gell's Gravitas          Tloc           0%         N/A       58%         3
 Cause Fear               Hex            4%         N/A       63%         4
 Leda's Liquefaction      Hex/Erth       2%         N/A       82%         4
 Petrify                  Tmut/Erth      0%         N/A       94%         4
 Metabolic Englaciation   Hex/Ice        2%         N/A       99%         5
 Yara's Violent Unravell  Hex/Tmut       2%         3d3       99%         5


Dungeon Overview and Level Annotations

Branches:
Dungeon (1/15)

Altars:


Innate Abilities, Weirdness & Mutations

You are too large for most types of armour.
You have tough skin. (AC +1)


Message History

The hobgoblin hits you.
You hit the hobgoblin but do no damage.
The hobgoblin is almost dead.
The hobgoblin hits you.
You hit the hobgoblin.
You kill the hobgoblin!
You closely miss the rat. The rat bites you but does no damage.
You hit the rat but do no damage.
The rat twitches its whiskers.
The rat bites you.
You hit the rat.
The rat is moderately wounded.
The rat misses you.
You hit the rat.
You kill the rat!
You barely miss the quokka. The quokka bites you.
The quokka bites you but does no damage.
You hit the quokka.
The quokka is moderately wounded.
The quokka bites you.
* * * LOW HITPOINT WARNING * * *
You barely miss the quokka.
The quokka is moderately wounded.
The quokka bites you.
* * * LOW HITPOINT WARNING * * *
You miss the quokka.
The quokka is moderately wounded.
The quokka bites you but does no damage.
You barely miss the quokka.
The quokka is moderately wounded.
The quokka bites you but does no damage.
You closely miss the quokka.
The quokka is moderately wounded.
The quokka closely misses you. x2
You barely miss the quokka. The quokka bites you.
* * * LOW HITPOINT WARNING * * *
You miss the quokka. The quokka bites you.
* * * LOW HITPOINT WARNING * * *
You barely miss the quokka. The quokka bites you.
You die...

.......<.............##..........
.##........#...#########.#.###...
#........#...# #.#......#
#.......##...# #.##.##.##
.......####...#### #.......#
.....#.## #......# #..###..##
#...... #......# ##.# #....
...#.#. #...#######.###.#..
.###.. #@# #......†...#..
...#####r###.####.#####.#
#.....ggg.....##.# #.#
##..###..###.#.##.# #.#
.........# #.#.##.# #..
##..#.#.## #.. ...# ### # .(.((#
###.#### .g##.### .# .. #. #


You could see a quokka and 3 goblins.

Vanquished Creatures
  An ooze (D:1)
  A dart slug (D:1)
  A leopard gecko (D:1)
  A hobgoblin (D:1)
  A bat (D:1)
  2 rats (D:1)
7 creatures vanquished.

Notes
Turn   | Place    | Note
-------+----------+-------------------------------------------
     0 | D:1      | rageheart7 the Ogre Arcane Marksman began the quest for the
                  | Orb.
     0 | D:1      | Reached XP level 1. HP: 19/19 MP: 2/2
   344 | D:1      | Reached XP level 2. HP: 29/29 MP: 2/4
   371 | D:1      | HP: 1/29 [quokka (2)]
   372 | D:1      | Slain by a quokka

Illustrated notes

Levels and vault maps discovered:
D:1:      dpeg_arrival_orchard, layout_loops_cross, serial_shops,
          nicolae_shop_statue_plus, minmay_misc_feat_four_crosses,
          grunt_decor_one_mirror

Skill      XL: |  1 |
---------------+----+-----
Fighting       | 2 |  2.5
Throwing       | |  2.3
Dodging        | |  1.7
Spellcasting   | |  1.3
Hexes          | |  2.6

Action                   || total
-------------------------++-------
Melee: Unarmed           ||    35
Throw: Large rock        ||     7
       Throwing net      ||     1
 Cast: Corona            ||     3
Armor: Robe              ||    11
Dodge: Dodged            ||    19

Table legend: (Time is in decaauts)
 A = Elapsed time spent in this place.
 B = Non-inter-level travel time spent in this place.
 C = Inter-level travel time spent in this place.
 D = Time resting spent in this place.
 E = Time spent auto-exploring this place.
 F = Levels seen in this place.
 G = Mean time per level.
                   A        B        C        D        E       F      G
               +--------+--------+--------+--------+--------+-----+--------+
         Total |    378 |    378 |      0 |    164 |    136 |   1 |  378.0 |
       Dungeon |    378 |    378 |      0 |    164 |    136 |   1 |  378.0 |
               +--------+--------+--------+--------+--------+-----+--------+

Top non-repeatable levels by time:
     D:1: 378 daAuts
